 Dungeon Crawl Stone Soup version 0.21.1-1-g345015f (webtiles) character file.

23 relionnb the Insei (level 2, -5/21 HPs)
             Began as a Demonspawn Transmuter on Mar 4, 2018.
             Slain by Sigmund
             ... wielding a +2 scythe of venom
              (10 damage)
             ... on level 2 of the Dungeon.
             The game lasted 00:07:04 (1488 turns).

relionnb the Insei (Demonspawn Transmuter)          Turns: 1488, Time: 00:07:05

Health: -5/21      AC:  2    Str: 10    XL:     2   Next: 72%
Magic:  5/5        EV: 12    Int: 14    God:
Gold:   29         SH:  0    Dex: 13    Spells: 4/5 levels left

rFire    . . .     SeeInvis .     - Unarmed
rCold    . . .     Gourm    .   (no shield)
rNeg     . . .     Faith    .   b - +0 robe
rPois    .         Spirit   .   (no helmet)
rElec    .         Reflect  .   (no cloak)
rCorr    .         Harm     .   (no gloves)
MR       .....                  (no boots)
Stlth    +.........             (no amulet)
HPRegen  0.07/turn              (no ring)
MPRegen  0.09/turn              (no ring)

@: no status effects
A: sturdy frame 1
a: no special abilities


You were on level 2 of the Dungeon.
You were not hungry.

You visited 1 branch of the dungeon, and saw 2 of its levels.

You collected 29 gold pieces.

Inventory:

Hand Weapons
 m - a +0 dagger of venom
Missiles
 a - 12 arrows
 g - 56 stones (quivered)
Armour
 b - a +0 robe (worn)
Scrolls
 j - a scroll of identify {unknown}
 k - 2 scrolls of enchant weapon {unknown}
 l - a scroll of random uselessness {unknown}
Potions
 e - 2 potions of curing {unknown}
 h - a potion of heal wounds {unknown}
 i - 2 potions of lignification {unknown}
Books
 c - a book of Changes

   Spells                             Type                      Level
   a - Beastly Appendage              Transmutation                1
   b - Sticks to Snakes               Transmutation                2
   c - Spider Form                    Transmutation/Poison         3
   d - Ice Form                       Ice/Transmutation            4
   e - Blade Hands                    Transmutation                5
Comestibles
 d - 4 rations
 f - 3 chunks of flesh


   Skills:
 * Level 1.3 Fighting
 + Level 2.0 Dodging
 + Level 0.3 Stealth
 + Level 3.1 Unarmed Combat
 + Level 2.0 Spellcasting
 + Level 1.9 Transmutations


You had 4 spell levels left.
You knew the following spells:

 Your Spells              Type           Power        Failure   Level  Hunger
a - Beastly Appendage     Tmut           #.....       11%         1    ##.....


Dungeon Overview and Level Annotations

Branches:
Dungeon (2/15)

Altars:

Annotations:
D:2 Sigmund


Innate Abilities, Weirdness & Mutations

Your movements are slightly less encumbered by armour. (ER -2)


Message History

You closely miss the bat. Your punch misses the bat.
The bat hits you but does no damage.
The kobold throws a stone.
The stone hits you.
You barely miss the bat.
The bat barely misses you. x2; The worm bites you!
* * * LOW HITPOINT WARNING * * *
The kobold throws a stone.
The stone barely misses you.
Sigmund the Dreaded comes into view.
He is wielding a scythe of venom.
Sigmund shouts!
The bat hits you but does no damage. The bat barely misses you.
The kobold throws a stone.
The stone barely misses you.
You see here a stone.
The bat completely misses you. The worm bites you but does no damage.
The bat barely misses you.
Sigmund casts a spell.
Sigmund flickers and vanishes!
Deactivating autopickup; reactivate with Ctrl-A.
The bat barely misses you. The bat misses you.
The bat hits you but does no damage. Something hits you!
You die...

##.....## .. ........ #.
###.....###
#.##......)..# .
#............# #..
#..#.....>...# ..# #..#
#.{..#####...#
..####..####b...†.......#
#..........@..w.((K.##..#
#######<############# #.#
#.# .># .## #. .. #.


You could see a worm, a bat and a kobold.

Vanquished Creatures
  A worm (D:2)
  A dart slug (D:1)
  A giant cockroach (D:1)
  A goblin (D:1)
  5 hobgoblins (D:1)
  A bat (D:1)
  5 frilled lizards (D:1)
  2 kobolds
  A rat (D:1)
18 creatures vanquished.

Notes
Turn   | Place    | Note
-------+----------+-------------------------------------------
     0 | D:1      | relionnb the Demonspawn Transmuter began the quest for the Orb.
     0 | D:1      | Reached XP level 1. HP: 15/15 MP: 3/3
   466 | D:1      | Reached skill level 3 in Unarmed Combat
   466 | D:1      | Gained mutation: Your movements are slightly less encumbered by armour. (ER -2) [demonic ancestry]
   466 | D:1      | Reached XP level 2. HP: 18/21 MP: 5/5
  1483 | D:2      | Noticed Sigmund
  1488 | D:2      | Slain by Sigmund

Skill      XL: |  1 |
---------------+----+-----
Dodging        | 2 |  2.0
Unarmed Combat | 3 |  3.1
Fighting       | |  1.3
Stealth        | |  0.3
Spellcasting   | |  2.0
Transmutations | |  1.9

Action                   || total
-------------------------++-------
Melee: Unarmed           ||    83
       Punch             ||     1
 Stab: Sleeping          ||     2
  Eat: Ration            ||     1
Armor: Robe              ||    12
Dodge: Dodged            ||    54
